AoeStats
← Leto Apor

Arabia

506834273Analyzed
1v1 RM · 17d ago on Sep 15, 2026· 50m 3s· 2 players
Game mode
Random Map
Map size
Tiny (2 player)
Population
200
Speed
Normal
Resources
Standard
Victory
Conquest
Starting age
Dark Age
Ending age
Imperial Age
RankedLock teamsTeams togetherTeam positionsShared explorationLock speedFull tech treeHidden civsTurbo modeCheats
Victory
Defeat
🇹🇼 Mapuche · Taiwan
1782
+14
🇷🇴 Malians · Romania
1732
-14
Leto Apor
8:23 Loom
10:44 Feudal Age
12:32 Double-Bit Axe
21:13 Castle Age
19:31 Fletching
20:12 Padded Archer Armor
21:51 Bodkin Arrow
21:25 Crossbowman
22:24 Town Watch
23:25 Ballistics
25:30 Wheelbarrow
27:46 Leather Archer Armor
29:19 Bow Saw
32:21 Thumb Ring
34:22 Sanctity
39:46 Imperial Age
41:35 Chemistry
40:26 Guard Tower
41:43 Hand Cart
42:48 Horse Collar
44:58 Treadmill Crane
46:47 Ring Archer Armor
46:38 Elite Skirmisher
甜心包
6:35 Loom
9:18 Feudal Age
9:24 Champi Runner
15:33 Double-Bit Axe
16:04 Double-Bit Axe
21:16 Castle Age
20:50 Fletching
20:49 Horse Collar
21:56 Bodkin Arrow
22:33 Padded Archer Armor
25:24 Bow Saw
25:10 Gold Mining
26:46 Ballistics
43:58 Imperial Age
42:20 Town Watch
43:13 Wheelbarrow
43:41 Gold Shaft Mining
43:21 Masonry
43:26 Malon
44:08 Leather Archer Armor
44:18 Heavy Plow
44:15 Elite Bolas Rider
46:16 Chemistry
48:25 Scale Mail Armor
48:35 Forging
48:58 Ring Archer Armor
48:26 Stone Mining
48:26 Champi Warrior
49:38 Scale Mail Armor
49:50 Forging
Connection lost

Rejoining the realm…

Still unreachable

The connection could not be restored.

Session expired

The server has moved on; the page needs a fresh start.